 Dungeon Crawl Stone Soup version 0.29-a0-994-gc5c9f59d18 (webtiles) character file.

Game seed: 16571536078030924286

8817 Alarak the Thaumaturge (level 11, -4/87 HPs)
             Began as a Djinni Fire Elementalist on Aug 4, 2022.
             Was a Believer of Ashenzari.
             Shot with an arrow by a centaur warrior (17 damage)
             ... on level 10 of the Dungeon.
             The game lasted 00:42:10 (14200 turns).

Alarak the Thaumaturge (Djinni Fire Elementalist)  Turns: 14200, Time: 00:42:11

Health: -4/87      AC:  6    Str:  7    XL:     11   Next: 62%
Gold:   670        EV: 19    Int: 20    God:    Ashenzari [**....] SH:  0 Dex: 15

rFire   + + .      SeeInvis +   p - staff of earth
rCold   x . .      Faith    .   (no shield)
rNeg    . . .      Spirit   .   z - +0 troll leather armour
rPois   ∞          Reflect  .   x - +0 helmet "Mantic Dogma" {Self, Evo} (curse)
rElec   .          Harm     .   (no cloak)
rCorr   .          Rampage  .   G - +0 pair of gloves
Will    +....                   (boots unavailable)
Stlth   ++........              (no amulet)
HPRegen 1.04/turn               I - ring "Stellar Water Diviner" {Wiz, Self, Evo} (curse)
MPRegen 0.00/turn               j - ring of Ashenzari's Affliction {EV+4, Range, Evo} (curse)

@: flying
A: sickness immunity, fire resistance 2, cold vulnerability 1, float, innate
caster, HP casting, extra vitality 1
a: Renounce Religion, Shatter the Chains


You were on level 10 of the Dungeon.
You worshipped Ashenzari.
Ashenzari was pleased with you.
You visited 2 branches of the dungeon, and saw 11 of its levels.
You also visited: Sewer.

You collected 670 gold pieces.

Inventory:

Hand Weapons
 h - a +1 dagger of draining
 w - a +5 short sword
Missiles
 o - 2 throwing nets
Armour
 a - a +0 robe
 x - the cursed +0 helmet "Mantic Dogma" (worn) {Self, Evo}
   (You found it on level 3 of the Dungeon)

   It has a curse which improves the following skills: Introspection: Fighting
   and Spellcasting.
   Evocations: Evocations.
 z - a +0 troll leather armour (worn)
 G - a +0 pair of gloves (worn)
 K - +0 steam dragon scales
Magical Staves
 g - a staff of death
 p - a staff of earth (weapon)
Jewellery
 d - a ring of resist corrosion
 j - the cursed ring of Ashenzari's Affliction (right hand) {EV+4, Range, Evo}
   (You found it on level 2 of the Dungeon)

   [ring of evasion]

   EV:        It affects your evasion (+4).
   It has a curse which improves the following skills: Ranged Combat: Ranged
   Weapons and Throwing.
   Evocations: Evocations.
 n - a +6 ring of dexterity
 I - the cursed ring "Stellar Water Diviner" (left hand) {Wiz, Self, Evo}
   (You found it on level 8 of the Dungeon)

   [ring of wizardry]

   It improves your spell success rate.
   It has a curse which improves the following skills: Introspection: Fighting
   and Spellcasting.
   Evocations: Evocations.
 M - a ring of positive energy
Wands
 k - a wand of digging (8)
 D - a wand of mindburst (6)
 L - a wand of light (17)
 N - a wand of flame (18)
Scrolls
 b - 5 scrolls of teleportation
 f - 3 scrolls of fear
 u - 2 scrolls of magic mapping
 v - 2 scrolls of brand weapon
 y - 3 scrolls of immolation
 B - a scroll of enchant weapon
 E - 3 scrolls of blinking
 J - a scroll of acquirement
Potions
 c - 4 potions of haste
 e - 3 potions of might
 i - 2 potions of ambrosia
 l - a potion of brilliance
 m - 10 potions of curing
 q - 3 potions of invisibility
 r - a potion of cancellation
 s - 4 potions of resistance
 t - 3 potions of heal wounds
 A - 2 potions of berserk rage
 H - a potion of degeneration


   Skills:
 - Level 9.3(11.2) Fighting
 - Level 8.2 Dodging
 - Level 1.5 Stealth
 + Level 10.3(12.2) Spellcasting


You had 8 spell levels left.
You knew the following spells:

 Your Spells              Type           Power      Damage    Failure   Level
a - Foxfire               Conj/Fire      100%       2x1d9     1%          1
b - Scorch                Fire           100%       2d10      1%          2
c - Conjure Flame         Conj/Fire      57%        6-21      1%          3
d - Inner Flame           Hex/Fire       57%        N/A       1%          3
e - Flame Wave            Conj/Fire      57%        2d14      1%          4
f - Sandblast             Erth           100%       2d20      1%          1
g - Wereblood             Tmut           57%        N/A       1%          2
h - Blink                 Tloc           100%       N/A       1%          2
i - Cause Fear            Hex            28%        N/A       1%          4
j - Petrify               Tmut/Erth      75%        N/A       1%          4
Your spell library was empty.

Dungeon Overview and Level Annotations

Branches:
Dungeon (10/15)            Temple (1/1) D:6           Sewer (visited)
   Lair: D:8-11         Orc: D:9-12

Altars:
Ashenzari
Cheibriados
Dithmenos
Elyvilon
Fedhas
Gozag
Hepliaklqana
Makhleb
Nemelex Xobeh
Okawaru
Qazlal
Ru
Trog
Uskayaw
Wu Jian
Xom
Yredelemnul
Zin
The Shining One

Annotations:
D:10 4 runed translucent doors, Sonja


Innate Abilities, Weirdness & Mutations

You are immune to sickness and miasma.
You are immune to poison.
Your flesh is very heat resistant. (rF++)
You are vulnerable to cold. (rC-)
You float through the air rather than walking.
You learn spells naturally, not from books.
Your magical power is your life essence.
You have superior vitality. (+4 MHP)


Message History

Flame seeps out of the centaur warrior.
The centaur warrior is lightly wounded.
The centaur warrior is engulfed in blazing flames.
Flame seeps out of the centaur warrior.
The centaur warrior shoots an arrow.
The arrow hits you!
Sonja shouts, "Too slow!"
Your foxfire dissipates!
The centaur warrior is engulfed in blazing flames.
Flame seeps out of the centaur warrior.
The centaur warrior shoots an arrow.
The arrow barely misses you.
The centaur warrior is engulfed in blazing flames.
Flame seeps out of the centaur warrior.
The centaur warrior shoots an arrow.
The arrow hits you.
The centaur warrior is engulfed in blazing flames.
Flame seeps out of the centaur warrior.
Sonja zaps a wand.
The bolt of light hits you!
You are confused.
Sonja throws a curare-tipped dart.
The curare-tipped dart closely misses you.
You bump into the rock wall.
Sonja mumbles some strange words.
Sonja blinks!
The centaur warrior shoots an arrow.
The arrow completely misses you.
You're too confused to cast spells.
You feel less confused.
The centaur warrior shoots an arrow.
The arrow hits you!
You feel better.
The centaur warrior shoots an arrow.
The arrow hits you!
* * * LOW HITPOINT WARNING * * *
The centaur warrior shoots an arrow.
The arrow barely misses you.
A centaur warrior is nearby!
The centaur warrior shoots an arrow.
The arrow hits you!!
* * * LOW HITPOINT WARNING * * *
Casting: Inner Flame (safe; 1% risk of failure)
Confirm with . or Enter, or press ? or * to list all spells.
The fire begins to smoulder!
* * * LOW HITPOINT WARNING * * *
The centaur warrior shoots an arrow.
The arrow closely misses you.
The fire ignites!
The centaur warrior shoots an arrow.
The arrow hits you!
You die...

.........# #..........#
#####.##.#####..........#
#.##.....'..........#
#.########..).?..:..# #.#
#..........# #.#
#..........# #.#
#..........# #.#
##'######### * * #.@.###
## ###.§.# .)., ,
###.##### ...., #...c...#
, ....§,* #.......#
......####### #.......#
......'.c...###.......#
..>...#####...c.......#
..... * #####.......#


You could see a centaur warrior (inner flame).

Vanquished Creatures
  Harold (D:10)
  A two-headed ogre (D:10)
  Amaemon (D:10)
  A cyclops (D:9)
  An orange demon (D:10)
  A troll (D:10)
  A hornet (D:9)
  A wraith (D:10)
  8 yaks (D:10)
  2 wyverns
  Grum (D:10)
  2 steam dragons (D:7)
  A water moccasin (D:3)
  Duvessa (D:7)
  3 sky beasts
  An ice beast (D:5)
  An ogre (D:4)
  4 wolves (D:10)
  7 centaurs
  7 kobold brigands
  2 bullfrogs
  2 necrophages
  A gnoll sergeant (D:9)
  4 scorpions
  12 wights
  Dowan (D:7)
  6 killer bees (D:10)
  3 jellies
  3 hounds
  2 orc priests
  2 iguanas
  3 orc wizards
  4 gnolls (D:9)
  7 adders
  A shadow imp (D:7)
  A worm (D:3)
  2 dart slugs
  11 orcs
  7 endoplasms
  10 giant cockroaches
  6 goblins
  5 hobgoblins
  2 jackals (D:3)
  27 kobolds
  7 quokkas
  8 ball pythons
  10 bats
  2 frilled lizards
  6 rats
203 creatures vanquished.

Vanquished Creatures (collateral kills)
  2 foxfires (Sewer)
2 creatures vanquished.

Vanquished Creatures (others)
  528 foxfires
  7 plants (Sewer)
535 creatures vanquished.

Grand Total: 740 creatures vanquished

Notes
Turn   | Place    | Note
-------+----------+-------------------------------------------
     0 | D:1      | Alarak the Djinni Fire Elementalist began the quest for the
                  | Orb.
     0 | D:1      | Alarak set off with the following spells memorised:
                  | Foxfire, Scorch, Conjure Flame, Inner Flame, Flame Wave.
     0 | D:1      | Reached XP level 1. HP: 15/15 MP: 0/0
   609 | D:1      | Reached XP level 2. HP: 17/21 MP: 0/0
   867 | D:1      | Reached skill level 3 in Spellcasting
  1324 | D:1      | Reached XP level 3. HP: 21/25 MP: 0/0
  1324 | D:1      | Learned a level 1 spell: Sandblast
  1749 | D:1      | Found a faded altar of an unknown god.
  2148 | D:2      | Reached XP level 4. HP: 19/31 MP: 0/0
  2337 | D:2      | Reached skill level 4 in Spellcasting
  3040 | D:2      | Reached XP level 5. HP: 33/35 MP: 0/0
  3040 | D:2      | Learned a level 2 spell: Wereblood
  3537 | D:3      | Noticed a bullfrog
  3541 | D:3      | Killed a bullfrog
  3606 | D:3      | Found a glowing drain.
  3611 | D:3      | Reached XP level 6. HP: 25/40 MP: 0/0
  3767 | Sewer    | Entered a sewer
  3789 | Sewer    | Reached skill level 5 in Spellcasting
  4372 | Sewer    | Reached XP level 7. HP: 19/45 MP: 0/0
  4372 | Sewer    | Learned a level 2 spell: Blink
  4596 | Sewer    | Reached skill level 6 in Spellcasting
  5572 | D:4      | Noticed a water moccasin
  5597 | D:3      | Killed a water moccasin
  6038 | D:4      | Reached XP level 8. HP: 44/50 MP: 0/0
  6040 | D:4      | Reached skill level 7 in Spellcasting
  6231 | D:4      | Found a hide-covered altar of Uskayaw.
  6401 | D:5      | Entered Level 5 of the Dungeon
  6416 | D:5      | Identified the +3 scale mail "Tuepre" {Drain Fly rN+ Dex+4}
  7152 | D:6      | Reached skill level 8 in Spellcasting
  7250 | D:6      | Found a staircase to the Ecumenical Temple.
  7259 | Temple   | Entered the Ecumenical Temple
  7350 | Temple   | Became a worshipper of Ashenzari the Shackled
  7463 | D:6      | Reached XP level 9. HP: 35/55 MP: 0/0
  7463 | D:6      | Learned a level 4 spell: Cause Fear
  8241 | D:6      | Reached skill level 9 in Spellcasting
  8743 | D:7      | Found an ornate altar of the Wu Jian Council.
  8842 | D:7      | Noticed Dowan
  8844 | D:7      | Noticed Duvessa
  8850 | D:7      | Killed Dowan
  8854 | D:7      | Killed Duvessa
  9678 | D:7      | Reached skill level 10 in Spellcasting
  9956 | D:7      | Found a burning altar of Makhleb.
  9964 | D:7      | Found a sparkling altar of Nemelex Xobeh.
 10133 | D:8      | Reached XP level 10. HP: 34/60 MP: 0/0
 10143 | D:8      | Reached skill level 5 in Dodging
 10743 | D:8      | Found a glowing golden altar of the Shining One.
 11663 | D:9      | Reached * piety under Ashenzari
 11663 | D:9      | Identified a scroll of acquirement
 11720 | D:9      | Reached skill level 1 in Fighting
 11791 | D:9      | Noticed a cyclops
 11870 | D:9      | Killed a cyclops
 12455 | D:10     | Entered Level 10 of the Dungeon
 12455 | D:10     | Noticed Grum
 12595 | D:10     | Noticed a two-headed ogre
 12601 | D:10     | Killed a two-headed ogre
 12602 | D:10     | Reached skill level 5 in Fighting
 12682 | D:10     | Noticed Amaemon
 12692 | D:10     | Noticed an orange demon
 12699 | D:10     | Killed an orange demon
 12701 | D:10     | Killed Amaemon
 12702 | D:10     | Reached XP level 11. HP: 39/79 MP: 0/0
 12702 | D:10     | Learned a level 4 spell: Petrify
 13115 | D:10     | Noticed Harold
 13117 | D:10     | Identified the +6 short sword "Jelek" {vorpal, rPois rF+
                  | rC+ Int-4}
 13125 | D:10     | Killed Harold
 13131 | D:10     | Killed Grum
 13611 | D:10     | Found a large runed translucent door.
 13611 | D:10     | Found a large runed translucent door.
 13668 | D:10     | Noticed a deep elf pyromancer
 13669 | D:10     | Identified the amulet of the Prince {Faith Fly rPois}
 13676 | D:10     | Found a large runed translucent door.
 13676 | D:10     | Found a large runed translucent door.
 13835 | D:10     | Reached ** piety under Ashenzari
 13882 | D:10     | Noticed a boulder beetle
 14179 | D:10     | Noticed a centaur warrior
 14182 | D:10     | Noticed Sonja
 14200 | D:10     | Shot with an arrow by a centaur warrior

Illustrated notes

Levels and vault maps discovered:
D:1:      minmay_arrival_four_loops, layout_loops_ring,
          chequers_ecumenical_altar_twisty, chequers_serial_rivers_large_a,
          minmay_tetromino_i4
D:2:      layout_loops_ring
D:3:      layout_loops_ring, gup_sewer_entry_pipe, nicolae_figureground_sparkle
D:4:      layout_rooms, lemuel_doored_altar
D:5:      layout_rooms
D:6:      layout_basic, minmay_temple_entry_statues_fountains,
          roderic_serpentine_path, chequers_arboretum
D:7:      layout_basic, nicolae_wu_jian_wuxing_cycle, minitemple, uniq_duvessa
D:8:      layout_loops_ring, lemuel_crystal_altar
D:9:      layout_cave_pools
D:10:     layout_roguey, nicolae_vehumet_altar_sigil,
          minmay_hollow_rounded_squares, uniq_harold, uniq_sonja, uniq_amaemon,
          uniq_grum
Temple:   nicolae_temple_superstar

Skill      XL: |  1  2  3  4  5  6  7  8  9 10 11 |
---------------+----------------------------------+-----
Spellcasting   | 3 4 5 6 8 10 | 10.3
Dodging        | 4 8 |  8.2
Fighting       | 6 9 |  9.3
Stealth        | |  1.5

Action                   |  1- 3 |  4- 6 |  7- 9 | 10-12 || total
-------------------------+-------+-------+-------+-------++-------
Melee: Short sword       |       |       |     3 |       ||     3
 Cast: Foxfire           |    65 |    77 |    86 |    84 ||   312
       Scorch            |    13 |    23 |    41 |    44 ||   121
       Inner Flame       |       |     3 |    45 |    59 ||   107
       Blink             |       |       |    11 |    15 ||    26
       Sandblast         |       |       |       |    10 ||    10
       Petrify           |       |       |       |     6 ||     6
       Conjure Flame     |       |       |       |     3 ||     3
Invok: Curse Item        |       |       |     1 |     2 ||     3
  Use: Scroll            |     4 |     1 |     5 |     4 ||    14
       Potion            |       |       |       |     1 ||     1
Armor: Robe              |       |     1 |     6 |       ||     7
       Steam dragon scal |       |       |       |     2 ||     2
       Troll leather arm |       |       |       |     1 ||     1
Dodge: Dodged            |     1 |     8 |    28 |    23 ||    60

Table legend: (Time is in decaauts)
 A = Elapsed time spent in this place.
 B = Non-inter-level travel time spent in this place.
 C = Inter-level travel time spent in this place.
 D = Time resting spent in this place.
 E = Time spent auto-exploring this place.
 F = Levels seen in this place.
 G = Mean time per level.
                   A        B        C        D        E       F      G
               +--------+--------+--------+--------+--------+-----+--------+
         Total |  14212 |  13565 |    647 |   4785 |   7532 |  12 | 1184.3 |
       Dungeon |  13152 |  12520 |    632 |   4305 |   7099 |  10 | 1315.2 |
        Temple |    104 |     89 |     15 |      0 |     73 |   1 |  104.0 |
         Sewer |    955 |    955 |      0 |    480 |    360 |   1 |  955.0 |
               +--------+--------+--------+--------+--------+-----+--------+

Top non-repeatable levels by time:
     D:1: 2371 daAuts
    D:10: 1703 daAuts
     D:6: 1565 daAuts
     D:3: 1468 daAuts
     D:8: 1344 daAuts
     D:7: 1277 daAuts
     D:9: 1183 daAuts
     D:2: 1118 daAuts
   Sewer: 955 daAuts
     D:5: 631 daAuts
     D:4: 488 daAuts
  Temple: 104 daAuts
